 Dungeon Crawl Stone Soup version 0.30.1-11-g7821555f0a (webtiles) character file.

Game seed: 17314954551001214866

131 KittyFluff the Cudgeller (level 5, -4/49 HPs)
             Began as a Gargoyle Berserker on Oct 29, 2023.
             Was a Believer of Trog.
             Slain by a gnoll
             ... wielding a +0 mace
              (9 damage)
             ... on level 3 of the Dungeon.
             The game lasted 00:09:19 (2398 turns).

KittyFluff the Cudgeller (Gargoyle Berserker)       Turns: 2398, Time: 00:09:19

Health: -4/49      AC:  7    Str: 22    XL:     5   Next: 14%
Magic:  5/5        EV: 11    Int:  8    God:    Trog [**....]
Gold:   64         SH:  0    Dex:  9    Spells: 4/4 levels left

rFire   . . .        a - +0 mace
rCold   . . .        (no shield)
rNeg    + . .        s - +0 leather armour
rPois   ∞            (no helmet)
rElec   +            (no cloak)
rCorr   +            (no gloves)
SInv    .            (no boots)
Will    .....        (no amulet) Stlth
                     d - ring of resist corrosion
HPRegen 0.28/turn    (no ring)
MPRegen 0.09/turn

%: no passive effects
@: berserking, very quick
A: sickness immunity, AC +4, negative energy resistance 1, electricity
resistance, torment resistance 1, petrification resistance
a: Renounce Religion, Berserk, Trog's Hand


You were on level 3 of the Dungeon.
You worshipped Trog.
Trog was pleased with you.
You visited 1 branch of the dungeon, and saw 3 of its levels.

You collected 64 gold pieces.

Inventory:

Hand Weapons
 a - a +0 mace (weapon)
Armour
 n - an orb of light
 s - a +0 leather armour (worn)
Jewellery
 d - a ring of resist corrosion (left hand)
Wands
 k - a wand of flame (22)
Scrolls
 b - a scroll of enchant weapon {unknown}
 f - a scroll of teleportation {unknown}
 h - a scroll of poison {unknown}
 i - 2 scrolls of identify {unknown}
 j - a scroll of noise {unknown}
 m - a scroll of amnesia {unknown}
 r - a scroll of enchant armour {unknown}
Potions
 c - 3 potions of magic {unknown}
 e - 2 potions of mutation {unknown}
 g - a potion of brilliance {unknown}
 l - a potion of degeneration {unknown}
 o - a potion of might {unknown}
 p - a potion of lignification {unknown}
 q - a potion of ambrosia {unknown}


   Skills:
 + Level 3.8 Fighting
 * Level 4.1 Maces & Flails
 * Level 3.8 Armour
 + Level 2.2 Dodging


You had 4 spell levels left.
You didn't know any spells.
Your spell library was empty.

Dungeon Overview and Level Annotations

Branches:
Dungeon (3/15)

Altars:

Shops:
D:2 [


Innate Abilities, Weirdness & Mutations

You are immune to sickness and miasma.
Your stone body is resilient. (AC +4)
You are immune to poison.
You resist negative energy. (rN+)
You are resistant to electric shocks. (rElec)
You are resistant to unholy torment.
You are immune to petrification.


Message History

The gnoll barely misses you.
The gnoll shouts!
You hit the gnoll.
The gnoll is lightly wounded.
The gnoll hits you with a +0 flail.
You barely miss the gnoll.
The gnoll is lightly wounded.
The gnoll barely misses you.
A gnoll comes into view. It is wielding a +0 halberd.
You hit the gnoll.
The gnoll is lightly wounded.
The gnoll hits you with a +0 flail.
You hit the gnoll.
The gnoll is heavily wounded.
The gnoll hits you but does no damage. The gnoll hits you with a +0 flail.
You completely miss the gnoll.
The gnoll is heavily wounded.
The gnoll hits you with a +0 flail.
You barely miss the gnoll.
The gnoll is heavily wounded.
The gnoll hits you with a +0 flail.
You barely miss the gnoll.
The gnoll is heavily wounded.
The gnoll hits you with a +0 flail!
You hit the gnoll.
The gnoll is severely wounded.
The gnoll hits you but does no damage.
You barely miss the gnoll.
The gnoll is severely wounded.
The gnoll hits you with a +0 flail.
* * * LOW HITPOINT WARNING * * *
The gnoll hits you with a +0 flail.
* * * LOW HITPOINT WARNING * * *
A red film seems to cover your vision as you go berserk!
You feel yourself moving faster!
You feel mighty! The gnoll misses you.
You thump the gnoll!
You kill the gnoll!
Trog accepts your kill. The gnoll hits you with a +0 mace!
You die...

### ..>. #.# #.# # #.#. ..#
#.# #.# . ... # # #.# #.# #.#
## ..#.#.# #.# #.# #.. ...>..
#.# #.# #.. ########.##.###
#.# #.# #.. #..............
#.###.# ##.
.........##.##.#####.....# #..
#.#####..##.##gg@........# #.P
#.# #..##.###########.## #..
..# #..##.# #.# ##.♣ ###
#..##.# #.# #... ####..##.#
#.# #..♣
#.....##.###########.# #.P♣
#.##.......#.........######..P
#.######...................PP♣
#.# ###.#.##############.♣♣


You could see 2 gnolls.

Vanquished Creatures
  Natasha (D:3)
  A gnoll (D:3)
  4 adders
  3 worms
  A dart slug (D:2)
  2 ball pythons (D:1)
  6 endoplasms
  3 giant cockroaches
  6 goblins
  3 hobgoblins
  A quokka (D:2)
  7 bats
  4 frilled lizards
  7 kobolds
  4 rats
53 creatures vanquished.

Notes
Turn   | Place    | Note
-------+----------+-------------------------------------------
     0 | D:1      | KittyFluff the Gargoyle Berserker began the quest for the
                  | Orb.
     0 | D:1      | Reached XP level 1. HP: 14/14 MP: 1/1
   195 | D:1      | Reached XP level 2. HP: 9/19 MP: 2/2
   796 | D:1      | Reached XP level 3. HP: 20/23 MP: 3/3
  1202 | D:2      | Reached ** piety under Trog
  1206 | D:2      | Found Lulikhlu's Antique Armour Emporium.
  1307 | D:2      | You fall into a shaft and drop 1 floor!
  1369 | D:3      | Noticed Natasha
  1382 | D:3      | Killed Natasha
  1383 | D:3      | Reached XP level 4. HP: 3/29 MP: 4/4
  1597 | D:2      | Found a faded altar of an unknown god.
  2314 | D:3      | Reached skill level 4 in Maces & Flails
  2326 | D:3      | Reached XP level 5. HP: 33/33 MP: 5/5
  2398 | D:3      | Slain by a gnoll

Illustrated notes

Levels and vault maps discovered:
D:1:      wander_arrival_chamber, layout_loops_ring, st_stairs_12,
          minmay_misc_feat_plants, minmay_door_square, corexii_hall_statues_l,
          minmay_misc_feat_square, kennysheep_flooded_box, serial_park_tiny_pond
D:2:      layout_basic, shapermc_ecumenical_altar_mp_ritualfount, serial_shops,
          nicolae_shop_hallway_stairs
D:3:      layout_loops_ring, serial_forest, infiniplex_forest_lined_room_2,
          infiniplex_forest_fountain, infiniplex_forest_clump_medium,
          infiniplex_forest_clump_long, infiniplex_forest_lined_2,
          infiniplex_forest_end_2, infiniplex_forest_straight_3,
          minmay_misc_feat_diagonals, uniq_natasha

Skill      XL: |  1  2  3  4 |
---------------+-------------+-----
Armour         | 3 |  3.8
Dodging        | 2 |  2.2
Maces & Flails | 4 |  4.1
Fighting       | |  3.8

Action                     |  1- 3 |  4- 6 || total
---------------------------+-------+-------++-------
  Melee: Mace              |   137 |    74 ||   211
         Punch             |     3 |       ||     3
 Invoke: Berserk           |     1 |     1 ||     2
 Armour: Animal skin       |    45 |     6 ||    51
         Leather armour    |       |    11 ||    11
  Dodge: Dodged            |    90 |    39 ||   129
